 Dungeon Crawl Stone Soup version 0.19.1-1-g22dce08 (webtiles) character file.

174 Alarkh the Chopper (level 5, -3/41 HPs)
             Began as a Demonspawn Monk on Jan 7, 2017.
             Was a Believer of Okawaru.
             Killed from afar by an orc wizard (9 damage)
             ... with a magic dart
             ... on level 4 of the Dungeon.
             The game lasted 00:02:28 (2118 turns).

Alarkh the Chopper (Demonspawn Monk)                Turns: 2118, Time: 00:02:30

Health: -3/41      AC:  2    Str: 11    XL:     5   Next: 28%
Magic:  3/5        EV: 23    Int: 23    God:    Okawaru [**....]
Gold:   161        SH:  0    Dex: 21    Spells: 0 memorised, 4 levels left

rFire  . . .     SeeInvis .     i - +1 hand axe (drain)
rCold  . . .     Gourm    .     b - +0 robe
rNeg   . . .     Faith    .     (no shield)
rPois  .         Spirit   .     (no helmet)
rElec  .         Reflect  .     (no cloak)
rCorr  .         Harm     .     (no gloves)
MR     .....                    (no boots)
Stlth  ++++......               (no amulet)
                                (no ring)
                                l - +6 ring of intelligence

@: brilliant, agile, lethally poisoned (-3 -> -13), heroism, slowed, very slow
A: hooves 2
a: Heroism, Renounce Religion


You were on level 4 of the Dungeon.
You worshipped Okawaru.
Okawaru was pleased with you.
You were not hungry.

You visited 1 branch of the dungeon, and saw 4 of its levels.

You collected 161 gold pieces.

Inventory:

Hand Weapons
 a - a +0 hand axe
 i - a +1 hand axe of draining (weapon)
Armour
 b - a +0 robe (worn)
Jewellery
 l - a +6 ring of intelligence (left hand)
Scrolls
 f - a scroll of fog {unknown}
 g - 4 scrolls of teleportation {unknown}
 h - a scroll of recharging {unknown}
 j - 2 scrolls of identify {unknown}
 m - a scroll of enchant armour {unknown}
 q - 2 scrolls of remove curse {unknown}
Potions
 p - a potion of brilliance
Books
 e - Vehumet's Tome of Combat Magic
   (You found it on level 3 of the Dungeon)

   Spells                             Type                      Level
   a - Magic Dart                     Conjuration                  1
Comestibles
 c - 3 bread rations
 d - 7 chunks of flesh
 n - 2 beef jerkies


   Skills:
 - Level 3.0(8.0) Fighting
 + Level 5.5(10.5) Axes
 - Level 2.6(7.6) Dodging
 - Level 1.7(6.7) Stealth


You had 4 spell levels left.
You didn't know any spells.

Dungeon Overview and Level Annotations

Branches:
Dungeon (4/15)
 Temple: D:4-7

Altars:
Kikubaaqudgha
Okawaru
Sif Muna
Vehumet
Yredelemnul


Innate Abilities, Weirdness & Mutations

You have hoof-like feet.


Message History

You feel sick.
The orc wizard points at you and mumbles some strange words.
You feel yourself slow down.
The orc throws a tomahawk.
The tomahawk hits you!
You are too injured to fight recklessly!
You gain the combat prowess of a mighty hero.
You feel sick. The orc wizard closely misses you.
The orc throws a tomahawk.
The tomahawk hits you.
* * * LOW HITPOINT WARNING * * *
The orc wizard barely misses you.
It was a potion of brilliance.
You feel clever all of a sudden.
* * * LOW HITPOINT WARNING * * *
You feel sick. The orc wizard closely misses you.
It was a potion of agility.
You feel agile all of a sudden.
* * * LOW HITPOINT WARNING * * *
You feel sick. The orc wizard misses you. The orc misses you.
The orc wizard points at you and mumbles some strange words.
The magic dart hits you!
You die...

### .. #.##
####...##
.......
#.#####....
.....Zoo.#
#@.###.#
#......#
#.##.###
#.# # #.# #
#.##.#
#....#
#.##.# #.#
#


You could see an orc wizard, an orc and a hornet zombie.

Vanquished Creatures
  The ghost of Alarkh the Chopper, a weakling DsMo (D:3)
  A centaur skeleton (D:4)
  3 adders
  2 worms
  2 dart slugs (D:1)
  4 leopard geckos
  2 orcs
  3 bats
  2 giant cockroaches
  A goblin (D:2)
  9 hobgoblins
  10 jackals
  3 quokkas (D:3)
  5 frilled lizards
  5 kobolds
  4 rats
57 creatures vanquished.

Notes
Turn   | Place    | Note
-------+----------+-------------------------------------------
     0 | D:1      | Alarkh the Demonspawn Monk began the quest for the Orb.
     0 | D:1      | Reached XP level 1. HP: 18/18 MP: 1/1
    32 | D:1      | Reached skill level 3 in Axes
   250 | D:1      | Gained mutation: You have large cloven feet. [demonic ancestry]
   250 | D:1      | Reached XP level 2. HP: 24/24 MP: 2/2
   827 | D:1      | Reached XP level 3. HP: 25/29 MP: 3/3
   886 | D:2      | Found an iron altar of Okawaru.
   946 | D:2      | Reached skill level 4 in Axes
  1014 | D:3      | Reached XP level 4. HP: 29/35 MP: 4/4
  1050 | D:3      | Found a basalt altar of Yredelemnul.
  1099 | D:3      | Noticed Alarkh's ghost (weakling DsMo)
  1124 | D:2      | Became a worshipper of Warmaster Okawaru
  1124 | D:2      | Reached * piety under Okawaru
  1124 | D:2      | Reached ** piety under Okawaru
  1280 | D:3      | Killed Alarkh's ghost
  1280 | D:3      | Reached skill level 5 in Axes
  1373 | D:3      | Found a radiant altar of Vehumet.
  1373 | D:3      | Found an ancient bone altar of Kikubaaqudgha.
  1374 | D:3      | Found a deep blue altar of Sif Muna.
  1572 | D:3      | Identified Vehumet's Tome of Combat Magic
  1999 | D:3      | Gained mutation: You have hoof-like feet. [demonic ancestry]
  1999 | D:3      | Reached XP level 5. HP: 41/41 MP: 5/5
  2118 | D:4      | Killed from afar by an orc wizard

Skill      XL: |  1  2  3  4 |
---------------+-------------+-----
Axes           | 3 4 5 |  5.5
Fighting       | |  3.0
Dodging        | |  2.6
Stealth        | |  1.7

Action                   |  1- 3 |  4- 6 || total
-------------------------+-------+-------++-------
Melee: Hand axe          |    97 |    66 ||   163
       Kick              |    14 |    11 ||    25
Invok: Heroism           |       |     3 ||     3
  Use: Potion            |     1 |     6 ||     7
 Stab: Distracted        |     1 |       ||     1
       Sleeping          |     1 |     2 ||     3
       Invisible         |       |     3 ||     3
  Eat: Chunk             |       |     4 ||     4
Armor: Robe              |    19 |    11 ||    30
Dodge: Dodged            |    93 |    45 ||   138
